 Dungeon Crawl Stone Soup version 0.29.1-13-g9f3cf754e1 (webtiles) character file.

Game seed: 10958712446628732068

6099 ThatDude373 the Conjurer (level 10, -2/80 HPs)
             Began as a Green Draconian Conjurer on Feb 7, 2023.
             Was a Priest of Sif Muna.
             Slain by a vampire (6 damage)
             ... on level 9 of the Dungeon on Feb 8, 2023.
             The game lasted 01:42:11 (16126 turns).

ThatDude373 the Conjurer (DrCj)                    Turns: 16126, Time: 01:42:11

Health: -2/80      AC:  9    Str: 11    XL:     10   Next: 58%
Magic:  0/21       EV: 13    Int: 32    God:    Sif Muna [***...]
Gold:   441        SH:  0    Dex:  9    Spells: 5/24 levels left

rFire   . . .      SeeInvis +   e - +3 dagger (freeze)
rCold   . . .      Faith    .   (no shield)
rNeg    . . .      Spirit   +   (body armour unavailable)
rPois   +          Reflect  .   (helmet restricted)
rElec   .          Harm     .   o - +0 cloak
rCorr   .          Rampage  .   (no gloves)
Will    .....                   B - +0 pair of boots
Stlth   ++........              j - amulet of guardian spirit
HPRegen 0.23/turn               I - +6 ring of intelligence
MPRegen 0.17/turn               M - ring "Imolaev" {Int+4 SInv}

@: weak-willed
A: breathe noxious fumes, AC +7, unfitting armour, poison resistance,
cold-blooded
a: Breathe Noxious Fumes, Renounce Religion, Channel Magic, Forget Spell


You were on level 9 of the Dungeon.
You worshipped Sif Muna.
Sif Muna was most pleased with you.
You visited 2 branches of the dungeon, and saw 11 of its levels.

You collected 441 gold pieces.

Inventory:

Hand Weapons
 a - a +0 flail
 e - a +3 dagger of freezing (weapon)
 k - a +1 hammer of venom
 l - a +0 short sword of protection
 n - a +3 quarterstaff of chaos
 p - a +2 hammer of draining
 q - a +0 hammer of protection
 t - a +0 mace of draining
 y - a +1 flail of protection
 O - a +5 long sword
 P - a +0 club
 U - a +3 dagger
 V - a +5 scimitar of freezing
 W - a +4 long sword
Missiles
 h - a throwing net
 Q - 2 datura-tipped darts
 R - 9 poisoned darts
Armour
 d - a +2 chain mail of cold resistance
 o - a +0 cloak (worn)
 w - a +0 leather armour
 B - a +0 pair of boots (worn)
 C - a +0 robe
 T - +0 acid dragon scales
Jewellery
 j - an amulet of guardian spirit (around neck)
 r - a ring of protection from fire
 u - a ring of resist corrosion
 I - a +6 ring of intelligence (left hand)
 M - the ring "Imolaev" (right hand) {Int+4 SInv}
   (You found it on level 7 of the Dungeon)

   [ring of see invisible]

   Int:       It affects your intelligence (+4).
   SInv:      It lets you see invisible.
 N - a ring of fire
 S - a +4 ring of protection
Wands
 K - a wand of polymorph (11)
 L - a wand of mindburst (3)
Scrolls
 c - 3 scrolls of enchant armour
 x - 2 scrolls of magic mapping
 E - a scroll of silence
 G - a scroll of amnesia
 H - a scroll of fog
 J - 2 scrolls of poison
Potions
 b - 2 potions of mutation
 g - 2 potions of brilliance
 i - 2 potions of lignification
 m - a potion of degeneration {unknown}
 s - 3 potions of attraction
 v - a potion of flight
 z - 2 potions of invisibility
 A - 3 potions of might
 D - a potion of magic
 F - a potion of curing


   Skills:
 + Level 4.5 Fighting
 + Level 0.7 Short Blades
 + Level 3.2 Maces & Flails
 + Level 5.9 Dodging
 + Level 4.6 Stealth
 + Level 7.9 Spellcasting
 + Level 7.9 Conjurations
 + Level 0.8 Translocations
 + Level 2.4 Transmutations
 + Level 2.0 Fire Magic
 + Level 2.5 Air Magic
 + Level 4.9 Poison Magic
 + Level 2.9 Invocations
 + Level 1.7 Evocations


You had 5 spell levels left.
You knew the following spells:

 Your Spells              Type           Power      Damage    Failure   Level
b - Searing Ray           Conj           100%       2d8       1%          2
c - Sting                 Tmut/Pois      100%       1d8       1%          1
d - Ignite Poison         Fire/Tmut/Pois 32%        N/A       3%          3
e - Poisonous Vapours     Pois/Air       72%        N/A       1%          2
f - Olgreb's Toxic Radia  Pois           44%        N/A       4%          4
g - Vampiric Draining     Necr           12%        2d6       12%         3
h - Iskenderun's Mystic   Conj/Tloc      40%        2d9       6%          4

Your spell library contained the following spells:

 Spells                   Type           Power      Damage    Failure   Level
 Magic Dart               Conj           100%       1d8       1%          1
 Conjure Flame            Conj/Fire      44%        6-21      1%          3
 Dazzling Flash           Conj/Hex       74%        N/A       2%          3
 Slow                     Hex            48%        N/A       3%          1
 Sticky Flame             Conj/Fire      44%        2d6       4%          4
 Fulminant Prism          Conj/Hex       18%        3d11      8%          4
 Confusing Touch          Hex            12%        N/A       12%         3


Dungeon Overview and Level Annotations

Branches:
Dungeon (10/15)            Temple (1/1) D:6             Orc (0/2) D:10
   Lair: D:8-11

Altars:
Ashenzari
Cheibriados
Dithmenos
Elyvilon
Fedhas
Gozag
Hepliaklqana
Kikubaaqudgha
Makhleb
Nemelex Xobeh
Okawaru
Qazlal
Ru
Sif Muna
Trog
Uskayaw
Vehumet
Wu Jian
Xom
Yredelemnul
Zin
The Shining One

Shops:
D:3 (   D:4 (

Annotations:
D:8 2 transporters
D:10 3 runed translucent doors, 0gre's ghost, journeyman MiBe


Innate Abilities, Weirdness & Mutations

You can breathe blasts of noxious fumes.
Your lurid green scales are hard. (AC +7)
You cannot fit into any form of body armour.
Your system is resistant to poisons. (rPois)
You are cold-blooded and may be slowed by cold attacks.


Message History

Press: ? - help, Shift-Dir - straight line, f - vampire
Aim: a vampire (slightly transparent, weak-willed, 83% to hit)
The searing ray misses the vampire. (Press . to maintain the ray.)
The vampire hits you but does no damage.
The vampire bites you but does no damage.
The searing ray misses the vampire.
The vampire hits you. The vampire bites you.
The vampire draws strength from your injuries!
The searing ray hits the vampire.
The vampire is lightly damaged.
The vampire hits you but does no damage.
The vampire bites you!
The vampire draws strength from your injuries!
The searing ray hits the vampire.
The vampire is moderately damaged.
You finish channelling your searing ray.
The vampire barely misses you.
The vampire bites you but does no damage.
The vampire hits you but does no damage.
The vampire closely misses you.
Aiming: Mindburst
Press: ? - help, Q - select action, (/) - cycle Shift-Dir - straight line, f/p - vampire
Aim: a vampire (moderately damaged, slightly transparent, weak-willed, chance to affect: 72%)
The vampire's mind is blasted!!
The vampire hits you!
* * * LOW HITPOINT WARNING * * *
The vampire bites you!
* * * LOW HITPOINT WARNING * * *
The vampire draws strength from your injuries!
As you read the scroll of fog, it crumbles to dust.
The scroll dissolves into smoke.
The vampire hits you!
* * * LOW HITPOINT WARNING * * *
The vampire barely misses you. The vampire attacks as you move away!
The vampire hits you.
* * * LOW HITPOINT WARNING * * *
The vampire barely misses you. The vampire attacks as you move away!
The vampire misses you. The vampire bites you!
You die...

.............##
..............##
...............##
....~~~.........##
...~†≈≈~.........##
...~≈≈≈~..§.§.....##
...~~≈~~§§§§§......#
....~~~.§§V§§......#
.........§@§§......#
.........§.........#
...................#
...................#
...................#
...................#
...................#
...................#
...................#


You could see a vampire (invisible, weak-willed).

Vanquished Creatures
  Pikel (D:7)
  Prince Ribbit (D:9)
  A wyvern (D:9)
  6 yaks
  Menkaure (D:6)
  2 acid dragons
  4 water moccasins
  3 orc warriors
  3 sky beasts
  2 ogres
  3 centaurs
  3 lemures (D:7)
  Blork the orc (D:4)
  A kobold brigand (D:8)
  3 phantoms
  2 necrophages
  5 bullfrogs
  A scorpion (D:4)
  3 killer bees (D:9)
  11 wights
  3 electric eels (D:9)
  4 howler monkeys
  3 hounds
  Crazy Yiuf (D:2)
  2 orc priests (D:8)
  A jelly (D:8)
  Jessica (D:2)
  Natasha (twice) (D:2)
  6 iguanas
  6 orc wizards
  Terence (D:1)
  10 gnolls
  4 adders
  A white imp (D:8)
  An ufetubus (D:6)
  3 worms
  A dart slug (D:5)
  37 orcs
  4 bats
  3 endoplasms (D:2)
  3 giant cockroaches
  3 goblins
  8 hobgoblins
  11 kobolds
  2 quokkas
  3 training dummies (D:4)
  4 ball pythons
  8 frilled lizards
  6 rats
199 creatures vanquished.

Notes
Turn   | Place    | Note
-------+----------+-------------------------------------------
     0 | D:1      | ThatDude373 the Draconian Conjurer began the quest for the
                  | Orb.
     0 | D:1      | Reached XP level 1. HP: 14/14 MP: 3/3
   140 | D:1      | Found a faded altar of an unknown god.
   215 | D:1      | Prayed at the altar of an unknown god.
   215 | D:1      | Became a worshipper of Sif Muna the Loreminder
   215 | D:1      | Reached * piety under Sif Muna
   288 | D:1      | Reached XP level 2. HP: 20/20 MP: 0/5
   291 | D:1      | Learned a level 2 spell: Searing Ray
  1498 | D:2      | Reached XP level 3. HP: 18/26 MP: 1/6
  1610 | D:2      | Reached skill level 5 in Conjurations
  1695 | D:2      | Learned a level 1 spell: Sting
  1737 | D:2      | Found a glowing silver altar of Zin.
  1737 | D:2      | Noticed Jessica
  1737 | D:2      | Noticed Terence
  1740 | D:2      | Killed Jessica
  1741 | D:2      | Reached XP level 4. HP: 32/33 MP: 2/7
  1790 | D:1      | HP: 1/33 [Terence/+0 flail (2)]
  1793 | D:1      | Killed Terence
  2319 | D:2      | Learned a level 3 spell: Ignite Poison
  2746 | D:2      | Noticed Natasha
  2751 | D:2      | Killed Natasha
  2823 | D:2      | Found a runed translucent door.
  2824 | D:2      | Noticed Crazy Yiuf
  2867 | D:2      | Noticed Natasha
  2879 | D:2      | Killed Natasha
  2880 | D:2      | Reached XP level 5. HP: 20/39 MP: 4/9
  3252 | D:2      | Killed Crazy Yiuf
  3253 | D:2      | Reached skill level 1 in Transmutations
  3795 | D:3      | Reached ** piety under Sif Muna
  4689 | D:3      | Found Zahag's Weapon Shoppe.
  5116 | D:4      | Found an ancient bone altar of Kikubaaqudgha.
  5117 | D:4      | Noticed Blork the orc
  5344 | D:4      | Found Buafug's Firing Range.
  5597 | D:4      | Reached skill level 1 in Fighting
  5597 | D:4      | Reached XP level 6. HP: 26/47 MP: 2/10
  5947 | D:4      | Killed Blork the orc
  6440 | D:4      | Learned a level 2 spell: Poisonous Vapours
  7147 | D:5      | Entered Level 5 of the Dungeon
  7299 | D:5      | Reached skill level 1 in Poison Magic
  7425 | D:5      | Your scales start taking on a lurid green colour.
  7425 | D:5      | Reached XP level 7. HP: 52/53 MP: 6/12
  7425 | D:5      | Gained mutation: Your system is resistant to poisons.
                  | (rPois) [Green Draconian growth]
  7430 | D:5      | Learned a level 4 spell: Olgreb's Toxic Radiance
  7853 | D:5      | Reached skill level 1 in Maces & Flails
  7853 | D:5      | Reached skill level 1 in Invocations
  8572 | D:6      | Noticed Menkaure
  8581 | D:6      | Killed Menkaure
  8582 | D:6      | Reached XP level 8. HP: 55/63 MP: 2/14
  9608 | D:6      | Reached skill level 5 in Spellcasting
  9681 | D:6      | Found a staircase to the Ecumenical Temple.
 10425 | Temple   | Entered the Ecumenical Temple
 10697 | D:7      | Identified the ring "Imolaev" {Int+4 SInv}
 10764 | D:7      | HP: 2/63 [orc warrior/+0 short sword (8)]
 11045 | D:7      | Reached XP level 9. HP: 63/70 MP: 10/17
 11844 | D:7      | Noticed Pikel
 11867 | D:7      | Killed Pikel
 11868 | D:7      | Reached skill level 5 in Dodging
 11868 | D:7      | Reached skill level 1 in Evocations
 12811 | D:8      | Learned a level 3 spell: Vampiric Draining
 12816 | D:8      | Learned a level 4 spell: Iskenderun's Mystic Blast
 12901 | D:8      | Reached *** piety under Sif Muna
 13366 | D:8      | Reached XP level 10. HP: 80/80 MP: 7/20
 13371 | D:8      | Found a transporter.
 13392 | D:8      | Found a transporter.
 13398 | D:8      | Found a transporter.
 13399 | D:8      | Found a transporter.
 14025 | D:8      | Found a hide-covered altar of Uskayaw.
 14025 | D:8      | Found a white marble altar of Elyvilon.
 14027 | D:8      | Found a sparkling altar of Nemelex Xobeh.
 14059 | D:8      | Found a burning altar of Makhleb.
 14061 | D:8      | Found a sacrificial altar of Ru.
 14389 | D:9      | Noticed Prince Ribbit
 14395 | D:9      | Killed Prince Ribbit
 14503 | D:9      | Reached skill level 1 in Fire Magic
 14909 | D:9      | Reached skill level 1 in Air Magic
 15638 | D:9      | You fall into a shaft and drop 1 floor!
 15638 | D:10     | Entered Level 10 of the Dungeon
 15758 | D:10     | Found a staircase to the Orcish Mines.
 15876 | D:10     | Found a runed translucent gate.
 15877 | D:10     | Found a runed translucent gate.
 15879 | D:10     | Found a runed translucent gate.
 15881 | D:10     | Noticed 0gre's ghost (journeyman MiBe)
 16125 | D:9      | HP: 4/80 [vampire (1)]
 16126 | D:9      | Slain by a vampire

Illustrated notes

Levels and vault maps discovered:
D:1:      lightli_arrival_lavapool, layout_loops_ring,
          ebering_ecumenical_altar_mist, st_stairs_11
D:2:      layout_loops_ring, basic_altar, grunt_decor_one_mirror,
          minmay_lizard_pond, uniq_jessica, uniq_terence,
          uniq_crazy_yiuf_cottage, uniq_natasha
D:3:      layout_basic, serial_shops, nicolae_shop_bloodbath_and_beyond,
          roderic_serpentine_path, moated_statue
D:4:      layout_basic, mainiacjoe_overflow_alcove_4, kennysheep_flooded_box,
          nicolae_shop_firing_range, uniq_blork_the_orc
D:5:      layout_basic, portal_sewer_entry_e
D:6:      layout_cave_pods, temple_statues, uniq_menkaure
D:7:      layout_loops_ring, uniq_pikel
D:8:      layout_basic, nicolae_overflow_hidden_temple,
          hangedman_decor_diamond_cutter, grunt_decor_mini_mirrors,
          nicolae_diode_quadrants
D:9:      layout_big_octagon, uniq_prince_ribbit1
D:10:     cheibrodos_two_vegetables, layout_basic, erik_lair_island,
          david_orc_3, gammafunk_ghost_spectres, minmay_misc_feat_pillars
Temple:   compressed_dpeg_triangle_lava_temple

Skill      XL: |  1  2  3  4  5  6  7  8  9 10 |
---------------+-------------------------------+-----
Dodging        | 2 3 5 |  5.9
Conjurations   | 5 6 7 |  7.9
Stealth        | 2 3 4 |  4.6
Transmutations | 1 2 |  2.4
Fighting       | 1 3 4 |  4.5
Spellcasting   | 3 4 5 6 7 |  7.9
Poison Magic   | 1 2 4 |  4.9
Maces & Flails | 1 2 3 |  3.2
Invocations    | 1 2 |  2.9
Evocations     | 1 |  1.7
Fire Magic     | 2 |  2.0
Air Magic      | 2 |  2.5
Short Blades   | |  0.7
Translocations | |  0.8

Action                   |  1- 3 |  4- 6 |  7- 9 | 10-12 || total
-------------------------+-------+-------+-------+-------++-------
Melee: Unarmed           |     4 |       |       |       ||     4
       Flail             |       |     3 |       |       ||     3
       Tailslap          |       |     2 |     7 |     6 ||    15
       Mace              |       |    19 |    41 |       ||    60
       Dagger            |       |       |     7 |    25 ||    32
 Cast: Magic Dart        |    16 |     7 |     3 |       ||    26
       Searing Ray       |    12 |    51 |    81 |     7 ||   151
       Sting             |     2 |     9 |       |     3 ||    14
       Poisonous Vapours |       |     1 |       |    37 ||    38
       Ignite Poison     |       |       |     3 |    20 ||    23
       Olgreb's Toxic Ra |       |       |     3 |     4 ||     7
       Iskenderun's Myst |       |       |     2 |     2 ||     4
       Vampiric Draining |       |       |     1 |       ||     1
Invok: Channel Magic     |       |     1 |     3 |     1 ||     5
       Forget Spell      |       |       |       |     1 ||     1
 Abil: Breathe Noxious F |       |       |     6 |     2 ||     8
Evoke: Wand              |       |       |     9 |     2 ||    11
  Use: Potion            |     1 |     3 |     6 |     2 ||    12
       Scroll            |       |     8 |     7 |     6 ||    21
Armor: Skin              |    17 |    40 |    88 |    30 ||   175
Dodge: Dodged            |    37 |    59 |   107 |    43 ||   246
